 Dungeon Crawl Stone Soup version 0.31-a0-532-g28f74ba3e5 (webtiles) character file.

Game seed: 6217333455907282699

57 pokeman the Magician (level 3, -1/20 HPs)
             Began as a Deep Elf Hedge Wizard on Aug 12, 2023.
             Slain by a gnoll
             ... wielding a +0 halberd
              (3 damage)
             ... on level 2 of the Dungeon.
             The game lasted 00:02:19 (1956 turns).

pokeman the Magician (Deep Elf Hedge Wizard)        Turns: 1956, Time: 00:02:21

Health: -1/20      AC:  2    Str:  7    XL:     3   Next: 73%
Magic:  0/11       EV: 12    Int: 20    God:
Gold:   94         SH:  0    Dex: 14    Spells: 4/12 levels left

rFire   . . .        a - +0 dagger
rCold   . . .        (no shield)
rNeg    . . .        b - +0 robe
rPois   .            c - +0 hat
rElec   .            (no cloak)
rCorr   .            (no gloves)
SInv    .            (no boots)
Will    +....        (no amulet)
Stlth   ++           f - ring of willpower
HPRegen 0.23/turn    (no ring)
MPRegen 0.12/turn

%: no passive effects
@: no status effects
A: no striking features
a: no special abilities


You were on level 2 of the Dungeon.
You visited 1 branch of the dungeon, and saw 2 of its levels.

You collected 94 gold pieces.

Inventory:

Hand Weapons
 a - a +0 dagger (weapon)
Armour
 b - a +0 robe (worn)
 c - a +0 hat (worn)
Jewellery
 f - a ring of willpower (left hand)
Scrolls
 e - 2 scrolls of identify {unknown}
 h - a scroll of amnesia {unknown}
 j - a scroll of teleportation {unknown}
 k - a scroll of blinking {unknown}
Potions
 d - a potion of magic
 g - 2 potions of mutation {unknown}
 i - a potion of ambrosia {unknown}
 l - a potion of attraction {unknown}


   Skills:
 + Level 1.0 Fighting
 - Level 1.0 Armour
 + Level 2.5 Dodging
 - Level 2.4 Stealth
 * Level 5.3 Spellcasting
 + Level 2.0 Conjurations
 - Level 1.1 Summonings
 - Level 1.1 Translocations


You had 4 spell levels left.
You knew the following spells:

 Your Spells              Type           Power      Damage    Failure   Level
a - Magic Dart            Conj           52%        1d5       4%          1
b - Mephitic Cloud        Conj/Pois/Air  8%         N/A       26%         3
c - Call Imp              Summ           18%        N/A       11%         2
d - Blink                 Tloc           18%        N/A       11%         2

Your spell library contained the following spells:

 Spells                   Type           Power      Damage    Failure   Level
 Slow                     Hex            20%        N/A       11%         1
 Cigotuvi's Dreadful Rot  Necr/Pois/Air  10%        N/A       17%         2
 Wereblood                Tmut           5%         N/A       17%         2
 Volatile Blastmotes      Fire/Tloc      14%        2d11      26%         3
 Flame Wave               Conj/Fire      9%         2d6       58%         4
 Yara's Violent Unravell  Hex/Tmut       2%         3d3       97%         5


Dungeon Overview and Level Annotations

Branches:
Dungeon (2/15)

Altars:


Message History

The gnoll hits you with a +0 club.
The gnoll hits itself with a +0 club.
Unknown command.
You hit the gnoll but do no damage.
The gnoll is heavily wounded.
A hobgoblin comes into view.
Unknown command.
You hit the gnoll.
The gnoll is severely wounded.
Unknown command.
You hit the gnoll but do no damage.
The gnoll is moderately wounded.
The gnoll barely misses itself.
The gnoll closely misses you.
Unknown command.
The gnoll hits the gnoll with a +0 club.
The gnoll closely misses the gnoll.
You feel a bit more experienced.
Your Fighting skill increases to level 1!
Your Conjurations skill increases to level 2!
Casting: Mephitic Cloud (extremely dangerous; 26% risk of failure)
Confirm with . or Enter, or press ? or * to list all spells.
Aiming: Mephitic Cloud (extremely dangerous; 26% risk of failure)
Press: ? - help, Shift-Dir - straight line, f - gnoll
Aim: a gnoll, wielding a +0 halberd (chance to affect: 91%)
The ball explodes into a vile cloud!
The stinking cloud engulfs the gnoll but does no damage.
The gnoll is engulfed in noxious fumes.
The gnoll appears confused.
Unknown command.
Unknown command.
You hit the gnoll.
The gnoll is moderately wounded.
The gnoll is engulfed in noxious fumes.
The gnoll appears confused.
The gnoll hits you with a +0 halberd!
Ouch! That really hurt!
* * * LOW HITPOINT WARNING * * *
Unknown command.
You hit the gnoll but do no damage.
The gnoll is moderately wounded.
The gnoll is engulfed in noxious fumes.
The gnoll appears confused.
The gnoll hits you with a +0 halberd.
You die...

############ #..........# ###
#......>...# ..# #..........# ..#
#..........# ##### ..#
#..........# #...######
..########........○°####....#....
................@g°.g.##.........
...#######.......○°°#...g........
.(.# #..........####.##......
..## #........).# ...##.g....
..##### #########.....####......
......# #..... #...... .####.#
##...... #.g.... ## #. #.....##
........ #####.## #†..# ####.....


You could see 2 gnolls.

Vanquished Creatures
  A gnoll (D:2)
  2 worms (D:2)
  2 dart slugs
  5 ball pythons
  5 endoplasms
  3 giant cockroaches
  3 hobgoblins (D:1)
  4 kobolds
  A quokka (D:1)
  2 bats
  4 goblins
  3 rats
35 creatures vanquished.

Notes
Turn   | Place    | Note
-------+----------+-------------------------------------------
     0 | D:1      | pokeman the Deep Elf Hedge Wizard began the quest for the
                  | Orb.
     0 | D:1      | Reached XP level 1. HP: 10/10 MP: 7/7
   128 | D:1      | Got the Anthology of Heated Shapeshifting
   301 | D:1      | Reached XP level 2. HP: 16/16 MP: 4/9
   973 | D:1      | Reached skill level 5 in Spellcasting
  1429 | D:2      | Reached XP level 3. HP: 20/20 MP: 11/11
  1433 | D:2      | Learned a level 3 spell: Mephitic Cloud
  1436 | D:2      | Learned a level 2 spell: Call Imp
  1439 | D:2      | Learned a level 2 spell: Blink
  1674 | D:2      | Found a faded altar of an unknown god.
  1689 | D:2      | Reached skill level 1 in Armour
  1952 | D:2      | Reached skill level 1 in Fighting
  1955 | D:2      | HP: 1/20 [gnoll/+0 halberd (12)]
  1956 | D:2      | Slain by a gnoll

Illustrated notes

Levels and vault maps discovered:
D:1:      eino_arrival_water_star, layout_basic, patterned_corridor
D:2:      layout_rooms, ebering_ecumenical_altar_rust

Skill      XL: |  1  2  3 |
---------------+----------+-----
Spellcasting   | 5 |  5.3
Armour         | 1 |  1.0
Fighting       | 1 |  1.0
Conjurations   | 2 |  2.0
Dodging        | |  2.5
Stealth        | |  2.4
Summonings     | |  1.1
Translocations | |  1.1

Action                     || total
---------------------------++-------
  Melee: Dagger            ||    22
   Cast: Magic Dart        ||    95
         Mephitic Cloud    ||     3
   Stab: Sleeping          ||     1
 Armour: Robe              ||     4
  Dodge: Dodged            ||    18

Table legend: (Time is in decaauts)
 A = Elapsed time spent in this place.
 B = Non-inter-level travel time spent in this place.
 C = Inter-level travel time spent in this place.
 D = Time resting spent in this place.
 E = Time spent auto-exploring this place.
 F = Levels seen in this place.
 G = Mean time per level.
                   A        B        C        D        E       F      G
               +--------+--------+--------+--------+--------+-----+--------+
         Total |   1955 |   1946 |      9 |     68 |   1670 |   2 |  977.5 |
       Dungeon |   1955 |   1946 |      9 |     68 |   1670 |   2 |  977.5 |
               +--------+--------+--------+--------+--------+-----+--------+

Top non-repeatable levels by time:
     D:1: 1427 daAuts
     D:2: 528 daAuts
